 Dungeon Crawl Stone Soup version 0.25-a0-42-g6c54e25 (webtiles) character file.

Game seed: 17307393727802826255, levelgen mode: deterministic

56 stealthycow the Firebug (level 3, -2/28 HPs)
             Began as a Draconian Fire Elementalist on Oct 22, 2019.
             Slain by a centaur zombie (5 damage)
             ... on level 2 of the Dungeon.
             The game lasted 00:08:51 (2779 turns).

stealthycow the Firebug (DrFE)                      Turns: 2779, Time: 00:08:52

Health: -2/28      AC:  5    Str: 10    XL:     3   Next: 71%
Magic:  2/6        EV: 12    Int: 16    God:
Gold:   99         SH:  0    Dex: 11    Spells: 0/6 levels left

rFire    . . .     SeeInvis .   a - +0 hunting sling
rCold    . . .     Gourm    .   (no shield)
rNeg     . . .     Faith    .   (armour unavailable)
rPois    .         Spirit   .   (helmet restricted)
rElec    .         Reflect  .   (no cloak)
rCorr    .         Harm     .   (no gloves)
MR       .....                  (no boots)
Stlth    ++........             (no amulet)
HPRegen  0.09/turn              (no ring)
MPRegen  0.10/turn              (no ring)

@: no status effects
A: unfitting armour, cold-blooded, AC +5
a: no special abilities


You were on level 2 of the Dungeon.
You were not hungry.

You visited 1 branch of the dungeon, and saw 2 of its levels.

You collected 99 gold pieces.

Inventory:

Hand Weapons
 a - a +0 hunting sling (weapon)
Missiles
 g - 117 stones
 l - 3 sling bullets (quivered)
Magical Staves
 b - an uncursed staff of conjuration
Scrolls
 c - a scroll of teleportation {unknown}
 d - a scroll of immolation {unknown}
 f - 2 scrolls of identify {unknown}
 i - a scroll of random uselessness {unknown}
Potions
 e - a potion of lignification {unknown}
 k - a potion of heal wounds {unknown}
 m - a potion of might {unknown}
 n - 2 potions of curing {unknown}
Comestibles
 h - a chunk of flesh
 j - 3 rations


   Skills:
 + Level 1.3 Fighting
 + Level 2.3 Dodging
 - Level 1.7 Stealth
 + Level 2.4 Spellcasting
 + Level 1.7 Conjurations
 + Level 3.4 Fire Magic


You couldn't memorise any spells.
You knew the following spells:

 Your Spells              Type           Power        Failure   Level  Hunger
a - Flame Tongue          Conj/Fire      ##...        7%          1    #......
b - Throw Flame           Conj/Fire      ##....       11%         2    ###....
c - Conjure Flame         Conj/Fire      ##......     21%         3    ###....

Your spell library contained the following spells:

 Spells                   Type           Power        Failure   Level  Hunger
 Inner Flame              Hex/Fire       #.......     30%         3    ###....
 Sticky Flame             Conj/Fire      ##......     56%         4    #####..
 Fireball                 Conj/Fire      ##........   88%         5    ######.


Dungeon Overview and Level Annotations

Branches:
Dungeon (2/15)

Altars:


Innate Abilities, Weirdness & Mutations

Your plain brown scales are hard. (AC +5)
You cannot fit into any form of body armour.
You are cold-blooded and may be slowed by cold attacks.


Message History

Aiming: Throw Flame (safe; 11% risk of failure)
Press: ? - help, Shift-Dir - straight line, f/p - centaur zombie
Aim: a centaur zombie (moderately damaged)
The puff of flame hits the centaur zombie.
The centaur zombie is heavily damaged.
The centaur zombie hits you.
Casting: Throw Flame (safe; 11% risk of failure)
Confirm with . or Enter, or press ? or * to list all spells.
You don't have enough magic to cast that spell.
The centaur zombie barely misses you.
There is a stone staircase leading up here.
The centaur zombie closely misses you.
A goblin comes into view. It is wielding a -3 club.
The goblin shouts!
The centaur zombie hits you. The centaur zombie misses you.
The centaur zombie hits you.
* * * LOW HITPOINT WARNING * * *
The centaur zombie hits you.
You die...

#.......#...#.####.#########
#....)..##.#.......#######
#.......##.#..............
#####.......##.#..............
#....)....##...#..............
##.......####...####.g#........
#........# #...#####.#........
#........# #......##..........
#........# #...@Z.g.).........
#........####......###..##.####
#...######..........###..#.#
#...# #.....###....รท..#.#
#...# #.)...#.#.###.....# #####
##.....##..#.#.#)..#
#...........##.#.>.#
#.###.##.......##..#
#.###.#.#..##).##..##


You could see a centaur zombie and a goblin.

Vanquished Creatures
  An adder (D:2)
  An ooze (D:2)
  2 dart slugs (D:2)
  A leopard gecko (D:2)
  A ball python (D:2)
  3 bats
  2 giant cockroaches
  7 goblins
  8 hobgoblins
  3 kobolds
  A quokka (D:2)
  A frilled lizard (D:2)
  2 rats
33 creatures vanquished.

Notes
Turn   | Place    | Note
-------+----------+-------------------------------------------
     0 | D:1      | stealthycow the Draconian Fire Elementalist began the quest
                  | for the Orb.
     0 | D:1      | Reached XP level 1. HP: 14/14 MP: 3/3
   690 | D:1      | Reached XP level 2. HP: 22/22 MP: 0/5
   694 | D:1      | Learned a level 2 spell: Throw Flame
  1913 | D:2      | Reached skill level 1 in Fighting
  2052 | D:2      | Reached XP level 3. HP: 24/28 MP: 0/6
  2091 | D:2      | Learned a level 3 spell: Conjure Flame
  2779 | D:2      | Slain by a centaur zombie

Levels and vault maps discovered:
D:1:      doesnt_arrival_eight_statues, layout_loops_corners
D:2:      layout_basic, minmay_heptomino_o4

Skill      XL: |  1  2 |
---------------+-------+-----
Dodging        | 2 |  2.3
Fighting       | 1 |  1.3
Stealth        | |  1.7
Spellcasting   | |  2.4
Conjurations   | |  1.7
Fire Magic     | |  3.4

Action                   || total
-------------------------++-------
 Fire: Hunting sling     ||    36
Throw: Stone             ||     2
 Cast: Flame Tongue      ||    21
       Throw Flame       ||    23
  Eat: Chunk             ||     4
       Ration            ||     1
Armor: Skin              ||     2
Dodge: Dodged            ||    21

Table legend:
 A = Non-vault XP
 B = Vault XP
 C = Vault XP percentage of total XP
 D = Non-vault monster count
 E = Vault monster count
 F = Vault count percentage of total count
                 A         B        C        D         E       F
            +---------+---------+-------+---------+---------+-------
      Total |      74 |       7 |   8.6 |      29 |       4 |  12.1
            +---------+---------+-------+---------+---------+-------
        D:1 |      18 |       0 |   0.0 |      10 |       0 |   0.0
        D:2 |      56 |       7 |  11.1 |      19 |       4 |  17.4
            +---------+---------+-------+---------+---------+-------
